 Dungeon Crawl Stone Soup version 0.23.1-37-gaa34b87b72 (webtiles) character file.

Game seed: 9465343832913324530

3972 Morbidden the Cleaver (level 10, 0/77 HPs)
             Began as a Demonspawn Fighter on Mar 22, 2019.
             Was an Initiate of Okawaru.
             Slain by a two-headed ogre
             ... wielding a +0 giant club
              (5 damage)
             ... on level 8 of the Dungeon on Mar 23, 2019.
             The game lasted 00:15:06 (7776 turns).

Morbidden the Cleaver (Demonspawn Fighter)          Turns: 7776, Time: 00:15:07

Health: 0/77       AC: 11    Str: 19    XL:     10   Next: 2%
Magic:  10/10      EV: 11    Int: 10    God:    Okawaru [......]
Gold:   231        SH: 10    Dex: 18    Spells: 9/9 levels left

rFire    . . .     SeeInvis .   a - +0 war axe
rCold    . . .     Gourm    .   c - +0 shield
rNeg     . . .     Faith    .   z - +0 chain mail
rPois    .         Spirit   .   (helmet restricted)
rElec    .         Reflect  .   (no cloak)
rCorr    +         Harm     .   x - +0 pair of gloves
MR       .....                  (no boots)
Stlth    ..........             (no amulet)
HPRegen  0.22/turn              g - ring of resist corrosion
MPRegen  0.12/turn              (no ring)

@: agile
A: horns 1, powered by pain 1, spiny 1
a: Renounce Religion


You were on level 8 of the Dungeon.
You worshipped Okawaru.
Okawaru was noncommittal.
You were not hungry.

You visited 2 branches of the dungeon, and saw 9 of its levels.
You also visited: Sewer and Ossuary.

You collected 311 gold pieces.
You spent 80 gold pieces at shops.

Inventory:

Hand Weapons
 a - a +0 war axe (weapon)
Missiles
 u - a throwing net (quivered)
Armour
 c - a +0 shield (worn)
 x - a +0 pair of gloves (worn)
 z - a +0 chain mail (worn)
Jewellery
 g - a ring of resist corrosion (left hand)
Wands
 w - a wand of flame (14)
 B - a wand of enslavement (3)
Scrolls
 b - 4 scrolls of identify
 i - 2 scrolls of remove curse
 p - 2 scrolls of magic mapping {unknown}
 q - 2 scrolls of amnesia
 r - 2 scrolls of immolation {unknown}
 v - 3 scrolls of random uselessness {unknown}
 y - 5 scrolls of teleportation
 A - 2 scrolls of enchant weapon {unknown}
 D - a scroll of enchant armour {unknown}
 E - a scroll of noise {unknown}
Potions
 d - a potion of might
 e - 5 potions of curing
 h - a potion of invisibility {unknown}
 j - a potion of resistance {unknown}
 k - 3 potions of brilliance {unknown}
 l - a potion of flight
 m - a potion of berserk rage {unknown}
 n - 4 potions of mutation
 o - a potion of magic {unknown}
 s - 3 potions of ambrosia {unknown}
 t - 3 potions of lignification {unknown}
 C - a potion of degeneration {unknown}
Comestibles
 f - 23 rations


   Skills:
 * Level 6.9 Fighting
 * Level 10.0 Axes
 + Level 5.2 Armour
 + Level 2.1 Dodging
 + Level 0.4 Stealth
 + Level 5.1 Shields
 + Level 0.3 Evocations


You had 9 spell levels left.
You didn't know any spells.
Your spell library contained the following spells:

 Spells                   Type           Power        Failure   Level  Hunger
 Animate Skeleton         Necr           N/A          100%        1    ##.....
 Apportation              Tloc           #.....       100%        1    ##.....
 Confusing Touch          Hex            #.....       100%        1    ##.....
 Infusion                 Chrm           #...         100%        1    ##.....
 Summon Small Mammal      Summ           #...         100%        1    ##.....
 Dazzling Spray           Conj/Hex       #.....       100%        3    ####...
 Spectral Weapon          Hex/Chrm       #.......     100%        3    ####...
 Summon Mana Viper        Hex/Summ       #.......     100%        5    ######.
 Discord                  Hex            #.........   100%        8    #######


Dungeon Overview and Level Annotations

Branches:
Dungeon (8/15)             Temple (1/1) D:7
   Lair: D:8-11

Altars:
Dithmenos
Makhleb
Nemelex Xobeh
Okawaru
Trog
Wu Jian
Yredelemnul
The Shining One

Shops:
D:7 *

Annotations:
D:4 2 transporters, tjackatt's ghost, amateur VSFi


Innate Abilities, Weirdness & Mutations

You have a pair of small horns on your head.
You sometimes gain a little power by taking damage.
You are partially covered in sharp spines.


Message History

The two-headed ogre hits you with a +0 giant club!
The two-headed ogre barely misses you.
A two-headed ogre is nearby!
You are too injured to fight recklessly!
Unknown command.
Okay, then.
You see here a leather armour.
The two-headed ogre hits you with a +0 giant club! x2
* * * LOW HITPOINT WARNING * * *
Unknown command.
Okay, then.
Unknown command.
Okay, then.
The two-headed ogre is struck by your spines.
The two-headed ogre hits you with a +0 giant club!!
* * * LOW HITPOINT WARNING * * *
You focus on the pain.
You feel agile all of a sudden.
The two-headed ogre hits you with a +0 giant club.
You die...

.####.###..<## #.###..#
.##.....##.|.####.###..#
.##.#....#.............#
.##.#....#...(.##.####.#
### ##...####..##.# #.#
####...##.##.# #.#
#....#.##.# #.#
#=...#..#O# #.#
##......@.####.####
###..###.#.......#
#..........#.##.##.#
##########.#.##.##.######
#..............#
###.##.##.####.# #.##.#
#.# .....# #.# #.#### #.#


You could see a two-headed ogre.

Vanquished Creatures
  Pikel (D:6)
  A yak (D:7)
  3 hogs (D:7)
  A human (D:7)
  Purgy (Sewer)
  A sky beast (D:8)
  4 ice beasts
  A phantom (D:7)
  5 ogres
  2 centaurs
  2 bullfrogs (D:6)
  A wyvern skeleton (D:7)
  6 scorpions
  2 howler monkeys
  A centaur zombie (Ossuary)
  A crimson imp (D:6)
  7 orc priests
  2 hounds
  A jelly (D:6)
  4 orc wizards
  Jessica (D:2)
  An iguana (D:5)
  8 worker ants
  A big kobold zombie (Ossuary)
  A hound zombie (D:5)
  3 mummies (Ossuary)
  Robin (D:2)
  2 scorpion zombies (Ossuary)
  11 adders
  A river rat (D:6)
  An ooze (D:5)
  An adder skeleton (D:6)
  2 worms
  3 dart slugs
  4 leopard geckos
  28 orcs
  19 bats
  6 giant cockroaches
  4 gnoll zombies (Ossuary)
  18 goblins
  12 hobgoblins
  7 jackals
  3 quokkas
  3 frilled lizards
  2 goblin zombies (Ossuary)
  3 hobgoblin zombies (Ossuary)
  10 kobolds
  2 kobold zombies (Ossuary)
  An orc zombie (Ossuary)
  3 quokka skeletons
  6 rats
215 creatures vanquished.

Vanquished Creatures (others)
  3 slaves (D:6)
  An ooze (D:6)
4 creatures vanquished.

Grand Total: 219 creatures vanquished

Notes
Turn   | Place    | Note
-------+----------+-------------------------------------------
     0 | D:1      | Morbidden the Demonspawn Fighter began the quest for the
                  | Orb.
     0 | D:1      | Reached XP level 1. HP: 18/18 MP: 1/1
    64 | D:1      | Reached skill level 2 in Axes
    99 | D:1      | Gained mutation: You have a pair of small horns on your
                  | head. [demonic ancestry]
    99 | D:1      | Reached XP level 2. HP: 14/24 MP: 2/2
   618 | D:1      | Gained mutation: You are partially covered in sharp spines.
                  | [demonic ancestry]
   618 | D:1      | Reached XP level 3. HP: 29/29 MP: 3/3
  1295 | D:2      | Noticed Jessica
  1319 | D:2      | Killed Jessica
  1319 | D:2      | Reached XP level 4. HP: 35/35 MP: 4/4
  1339 | D:2      | Reached skill level 3 in Axes
  1558 | D:2      | Noticed Robin
  1569 | D:2      | Killed Robin
  2065 | D:3      | Reached skill level 1 in Dodging
  2065 | D:3      | Reached XP level 5. HP: 32/41 MP: 5/5
  2568 | D:4      | Found a transporter.
  2569 | D:4      | Noticed tjackatt's ghost (amateur VSFi)
  2570 | D:4      | Noticed an ogre
  2572 | D:4      | Found a transporter.
  2578 | D:4      | Noticed an ogre
  2595 | D:4      | Reached skill level 4 in Axes
  2632 | D:4      | Found a burning altar of Makhleb.
  2702 | D:4      | Found a sand-covered staircase.
  2758 | Ossuary  | Entered an ossuary
  2840 | Ossuary  | Reached XP level 6. HP: 42/48 MP: 6/6
  2894 | Ossuary  | HP: 2/48 [poisoned by a scorpion]
  3217 | Ossuary  | Reached skill level 5 in Axes
  3278 | Ossuary  | Reached XP level 7. HP: 41/54 MP: 7/7
  3974 | D:5      | Entered Level 5 of the Dungeon
  4000 | D:5      | Reached skill level 6 in Axes
  4517 | D:5      | Identified the Incunabulum of Fetching Enhancements
  4616 | D:5      | Reached XP level 8. HP: 34/61 MP: 8/8
  4914 | D:5      | Found a sparkling altar of Nemelex Xobeh.
  5086 | D:6      | Reached skill level 7 in Axes
  5089 | D:6      | Reached skill level 5 in Fighting
  5153 | D:6      | Found a glowing drain.
  5153 | D:6      | Noticed Pikel
  5176 | D:6      | Killed Pikel
  5176 | D:6      | Reached skill level 8 in Axes
  5201 | Sewer    | Entered a sewer
  5346 | Sewer    | Noticed Purgy
  5353 | Sewer    | Killed Purgy
  5452 | D:6      | Gained mutation: You sometimes gain a little power by
                  | taking damage. [demonic ancestry]
  5452 | D:6      | Reached XP level 9. HP: 54/68 MP: 9/9
  6319 | D:6      | Reached skill level 9 in Axes
  6441 | D:7      | Reached skill level 5 in Shields
  6462 | D:7      | Reached skill level 5 in Armour
  6912 | D:7      | Found Mupaoz's Merry Market.
  6921 | D:7      | Bought a potion of mutation for 80 gold pieces
  7351 | D:7      | Found a staircase to the Ecumenical Temple.
  7492 | Temple   | Entered the Ecumenical Temple
  7510 | Temple   | Became a worshipper of Warmaster Okawaru
  7599 | D:8      | Reached XP level 10. HP: 66/77 MP: 10/10
  7612 | D:8      | Reached skill level 10 in Axes
  7696 | D:8      | Noticed a two-headed ogre
  7776 | D:8      | Slain by a two-headed ogre

Skill      XL: |  1  2  3  4  5  6  7  8  9 10 |
---------------+-------------------------------+-----
Axes           | 2 3 4 5 6 8 9 10 | 10.0
Shields        | 3 4 5 |  5.1
Armour         | 3 4 5 |  5.2
Dodging        | 1 2 |  2.1
Fighting       | 4 5 6 |  6.9
Stealth        | |  0.4
Evocations     | |  0.3

Action                   |  1- 3 |  4- 6 |  7- 9 | 10-12 || total
-------------------------+-------+-------+-------+-------++-------
Melee: War axe           |   129 |   140 |   320 |     5 ||   594
       Headbutt          |    12 |    24 |    73 |     1 ||   110
Evoke: Wand              |       |       |     5 |       ||     5
  Use: Potion            |       |     2 |     4 |       ||     6
       Scroll            |       |       |     4 |     1 ||     5
  Eat: Chunk             |       |     7 |     9 |       ||    16
       Ration            |       |       |     2 |       ||     2
Armor: Scale mail        |    82 |    29 |       |       ||   111
       Chain mail        |       |    30 |   126 |     2 ||   158
Dodge: Dodged            |    44 |    36 |    64 |     1 ||   145
Block: Shield            |    91 |    69 |   151 |     1 ||   312
